[ AOE2 MATCH · #476672779 ]
UnrankedTeutons vs Britons
[ REPLAY ANALYSIS · EXTRACTED FROM THE RECORDED GAME ]
Feudal
14:04
Castle
18:27
Imperial
39:04
| APM avg | 20.0 |
| APM peak | 105 |
| eAPM avg | 18.1 |
| Villagers / military | 169 / 119 |
Focus
⚔️ 29.2% · 🌾 70.8%
Mangonel ×52 · Scorpion ×33 · Teutonic Knight ×27 · Bombard Cannon ×6 · Trebuchet (Packed) ×1
Feudal
—
Castle
—
Imperial
—
| APM avg | 5.4 |
| APM peak | 21 |
| eAPM avg | 4.7 |
| Villagers / military | 50 / 83 |
Focus
⚔️ 24.8% · 🌾 75.2%
Spearman ×56 · Trade Cart ×27 · Longbowman ×23 · Trebuchet (Packed) ×4
Feudal
13:44
Castle
29:13
Imperial
44:58
| APM avg | 15.1 |
| APM peak | 36 |
| eAPM avg | 12.1 |
| Villagers / military | 145 / 220 |
Focus
⚔️ 49.7% · 🌾 50.3%
Skirmisher ×125 · Coustillier ×33 · Knight ×24 · Militia ×17 · Monk ×8 · Flemish Militia ×7
Feudal
10:27
Castle
20:16
Imperial
39:58
| APM avg | 16.1 |
| APM peak | 49 |
| eAPM avg | 11.9 |
| Villagers / military | 112 / 342 |
Focus
⚔️ 33.4% · 🌾 66.6%
Mangudai ×255 · Steppe Lancer ×67 · Battering Ram ×15 · Trade Cart ×5 · Fishing Ship ×5 · Mangonel ×3
Feudal
15:18
Castle
23:10
Imperial
41:18
| APM avg | 31.0 |
| APM peak | 81 |
| eAPM avg | 19.9 |
| Villagers / military | 147 / 593 |
Focus
⚔️ 35.5% · 🌾 64.5%
Skirmisher ×320 · Spearman ×191 · Hand Cannoneer ×38 · Archer ×20 · Bombard Cannon ×10 · Trebuchet (Packed) ×10
Feudal
12:41
Castle
—
Imperial
—
| APM avg | 4.9 |
| APM peak | 28 |
| eAPM avg | 3.4 |
| Villagers / military | 28 / 6 |
Focus
⚔️ 19.3% · 🌾 80.7%
Archer ×4 · Skirmisher ×2 · Fishing Ship ×2 · Trade Cart ×1
Feudal
8:04
Castle
19:18
Imperial
39:56
| APM avg | 21.1 |
| APM peak | 64 |
| eAPM avg | 16.2 |
| Villagers / military | 109 / 405 |
Focus
⚔️ 52.1% · 🌾 47.9%
Skirmisher ×136 · Longbowman ×79 · Cavalry Archer ×51 · Archer ×43 · Mangonel ×34 · Scorpion ×22
Feudal
18:04
Castle
21:50
Imperial
36:41
| APM avg | 11.4 |
| APM peak | 59 |
| eAPM avg | 10.6 |
| Villagers / military | 106 / 173 |
Focus
⚔️ 38.6% · 🌾 61.4%
Knight ×118 · War Elephant ×44 · Trade Cart ×23 · Trebuchet (Packed) ×9 · Fishing Ship ×4 · Monk ×2
Match map
Initial resources + every placement click. Lines = walls · curves = elevation contours. ◆ gold · ⬟ stone · ● berries · ✦ relic · ◌ wall gap
Your base· ✓ Closed at 18:27 · 33t walls · no gate
THATKIDPERRY401's base· ✓ Closed at 29:29 · 28t walls · no gate
horaciolm's base· ✓ Closed at 29:13 · 42t walls · 2 gate(s)
unknown_ab's base· ✓ Closed at 20:16 · 4t walls · no gate
athmaniac's base· ✓ Closed at 23:10 · 28t walls · no gate
d0g's base· ✓ Closed at 12:00 · 40t walls · fragile
LinceDK's base· ✓ Closed at 19:18 · 0t walls · no gate
Zhukov's base· ✓ Closed at 21:50 · 0t walls · no gate
Smoothed initial terrain · ◌ = detected wall gap · hover for details
Inputs per minute
— lula2026 - - THATKIDPERRY401
Build order — lula2026
First 150 of 480 actions detected
| 0:03 | Research | Loom |
| 0:04 | Create | Villager (Male) |
| 0:04 | Create | Villager (Male) |
| 0:04 | Create | Villager (Male) |
| 0:05 | Create | Villager (Male) |
| 0:05 | Create | Villager (Male) |
| 0:12 | Build | House |
| 0:13 | Build | House |
| 1:33 | Build | Palisade Wall |
| 2:08 | Build | Palisade Wall |
| 2:35 | Create | Villager (Male) |
| 2:36 | Create | Villager (Male) |
| 3:31 | Build | Mill |
| 3:40 | Create | Villager (Male) |
| 3:41 | Create | Villager (Male) |
| 3:41 | Create | Villager (Male) |
| 4:08 | Build | Mill |
| 4:41 | Create | Villager (Male) |
| 4:42 | Create | Villager (Male) |
| 4:59 | Create | Villager (Male) |
| 5:19 | Create | Villager (Male) |
| 5:19 | Create | Villager (Male) |
| 5:28 | Build | House |
| 6:27 | Create | Villager (Male) |
| 6:27 | Create | Villager (Male) |
| 6:28 | Create | Villager (Male) |
| 6:28 | Create | Villager (Male) |
| 6:43 | Create | Villager (Male) |
| 7:33 | Create | Villager (Male) |
| 7:34 | Create | Villager (Male) |
| 7:34 | Create | Villager (Male) |
| 8:00 | Build | House |
| 8:08 | Build | Lumber Camp |
| 8:47 | Create | Villager (Male) |
| 8:47 | Create | Villager (Male) |
| 8:48 | Create | Villager (Male) |
| 9:06 | Create | Villager (Male) |
| 9:06 | Create | Villager (Male) |
| 9:06 | Create | Villager (Male) |
| 9:57 | Build | House |
| 10:09 | Build | Farm |
| 10:27 | Build | Farm |
| 10:35 | Build | Farm |
| 10:46 | Build | Farm |
| 10:59 | Build | Farm |
| 11:06 | Build | Farm |
| 11:14 | Build | Farm |
| 11:29 | Build | Farm |
| 11:39 | Build | Farm |
| 11:54 | Research | Feudal Age |
| 12:33 | Build | Mining Camp |
| 14:04 | Age | Feudal Age |
| 14:07 | Create | Villager (Male) |
| 14:07 | Create | Villager (Male) |
| 14:07 | Create | Villager (Male) |
| 14:08 | Create | Villager (Male) |
| 14:08 | Create | Villager (Male) |
| 14:08 | Create | Villager (Male) |
| 14:33 | Build | Market |
| 14:39 | Build | Blacksmith |
| 15:00 | Build | House |
| 15:09 | Build | Mining Camp |
| 15:46 | Research | Castle Age |
| 16:15 | Build | House |
| 16:18 | Build | House |
| 16:20 | Build | House |
| 16:21 | Build | House |
| 16:23 | Build | House |
| 16:24 | Build | House |
| 16:26 | Build | House |
| 16:49 | Build | Stone Wall |
| 18:27 | Age | Castle Age |
| 18:41 | Research | Town Watch |
| 18:42 | Create | Villager (Male) |
| 18:42 | Create | Villager (Male) |
| 18:42 | Create | Villager (Male) |
| 18:43 | Create | Villager (Male) |
| 18:43 | Create | Villager (Male) |
| 18:43 | Create | Villager (Male) |
| 18:43 | Create | Villager (Male) |
| 18:44 | Create | Villager (Male) |
| 18:44 | Create | Villager (Male) |
| 19:02 | Research | Double-Bit Axe |
| 19:05 | Research | Horse Collar |
| 21:01 | Research | Bow Saw |
| 21:53 | Build | Town Center |
| 22:10 | Create | Villager (Male) |
| 22:11 | Create | Villager (Male) |
| 22:11 | Create | Villager (Male) |
| 22:11 | Create | Villager (Male) |
| 22:11 | Create | Villager (Male) |
| 22:12 | Create | Villager (Male) |
| 22:57 | Research | Heavy Plow |
| 23:18 | Create | Villager (Male) |
| 23:18 | Create | Villager (Male) |
| 23:19 | Create | Villager (Male) |
| 23:19 | Create | Villager (Male) |
| 23:19 | Create | Villager (Male) |
| 24:21 | Create | Villager (Male) |
| 24:21 | Create | Villager (Male) |
| 24:21 | Create | Villager (Male) |
| 25:33 | Build | Castle |
| 26:02 | Create | Villager (Male) |
| 26:02 | Create | Villager (Male) |
| 26:02 | Create | Villager (Male) |
| 26:03 | Create | Villager (Male) |
| 26:04 | Create | Villager (Male) |
| 26:04 | Create | Villager (Male) |
| 26:30 | Build | Town Center |
| 26:44 | Build | Siege Workshop |
| 27:06 | Create | Villager (Male) |
| 27:06 | Create | Villager (Male) |
| 27:07 | Create | Villager (Male) |
| 27:33 | Build | Mining Camp |
| 28:16 | Build | Farm |
| 28:16 | Build | Farm |
| 28:16 | Build | Farm |
| 28:16 | Build | Farm |
| 28:17 | Build | Farm |
| 28:17 | Build | Farm |
| 28:17 | Build | Farm |
| 28:19 | Build | Farm |
| 28:19 | Build | Farm |
| 28:19 | Build | Farm |
| 28:20 | Build | Farm |
| 28:20 | Build | Farm |
| 28:20 | Build | Farm |
| 28:20 | Build | Farm |
| 28:21 | Build | Farm |
| 28:21 | Build | Farm |
| 28:21 | Build | Farm |
| 28:22 | Build | Farm |
| 28:22 | Build | Farm |
| 28:22 | Build | Farm |
| 28:23 | Build | Farm |
| 28:23 | Build | Farm |
| 28:24 | Build | Farm |
| 28:24 | Build | Farm |
| 28:54 | Create | Villager (Male) |
| 28:54 | Create | Villager (Male) |
| 28:54 | Create | Villager (Male) |
| 28:54 | Create | Villager (Male) |
| 29:09 | Create | Villager (Male) |
| 29:09 | Create | Villager (Male) |
| 30:24 | Create | Villager (Male) |
| 30:24 | Create | Villager (Male) |
| 30:25 | Create | Villager (Male) |
| 30:25 | Create | Villager (Male) |
| 30:25 | Create | Villager (Male) |
| 30:26 | Create | Villager (Male) |
Build order — THATKIDPERRY401
First 150 of 210 actions detected
| 0:05 | Create | Villager (Male) |
| 0:06 | Research | Loom |
| 0:06 | Create | Villager (Male) |
| 0:07 | Create | Villager (Male) |
| 0:07 | Create | Villager (Male) |
| 0:22 | Build | House |
| 0:24 | Build | House |
| 0:26 | Build | House |
| 0:27 | Build | House |
| 2:39 | Build | House |
| 2:46 | Build | House |
| 2:55 | Create | Villager (Male) |
| 2:55 | Create | Villager (Male) |
| 2:55 | Create | Villager (Male) |
| 2:56 | Create | Villager (Male) |
| 3:39 | Create | Villager (Male) |
| 3:40 | Create | Villager (Male) |
| 3:56 | Build | House |
| 3:59 | Build | House |
| 4:05 | Create | Villager (Male) |
| 4:34 | Create | Villager (Male) |
| 4:34 | Create | Villager (Male) |
| 4:51 | Create | Villager (Male) |
| 4:52 | Create | Villager (Male) |
| 5:12 | Create | Villager (Male) |
| 7:08 | Create | Villager (Male) |
| 7:08 | Create | Villager (Male) |
| 7:09 | Create | Villager (Male) |
| 7:09 | Create | Villager (Male) |
| 7:09 | Create | Villager (Male) |
| 7:09 | Create | Villager (Male) |
| 8:00 | Build | Mill |
| 9:03 | Create | Villager (Male) |
| 9:04 | Create | Villager (Male) |
| 9:27 | Build | Lumber Camp |
| 9:40 | Create | Villager (Male) |
| 11:10 | Create | Villager (Male) |
| 11:10 | Create | Villager (Male) |
| 11:11 | Create | Villager (Male) |
| 11:36 | Create | Villager (Male) |
| 11:37 | Create | Villager (Male) |
| 11:51 | Create | Villager (Male) |
| 11:58 | Build | Mining Camp |
| 13:44 | Research | Feudal Age |
| 14:17 | Build | Mining Camp |
| 14:58 | Build | Mill |
| 15:52 | Build | Farm |
| 15:57 | Build | Farm |
| 16:13 | Build | Farm |
| 16:19 | Build | Farm |
| 16:27 | Build | Farm |
| 16:34 | Research | Wheelbarrow |
| 16:35 | Create | Villager (Male) |
| 16:35 | Create | Villager (Male) |
| 16:36 | Create | Villager (Male) |
| 17:01 | Build | Stone Wall |
| 17:25 | Build | Stone Wall |
| 17:36 | Research | Horse Collar |
| 17:54 | Research | Double-Bit Axe |
| 18:12 | Build | Market |
| 18:19 | Build | Market |
| 18:29 | Build | Market |
| 18:41 | Create | Villager (Male) |
| 18:41 | Create | Villager (Male) |
| 20:19 | Build | Stone Wall |
| 20:39 | Build | Stone Wall |
| 20:55 | Build | Watch Tower |
| 21:22 | Create | Villager (Male) |
| 21:22 | Create | Villager (Male) |
| 21:23 | Create | Villager (Male) |
| 21:23 | Create | Villager (Male) |
| 21:32 | Research | Stone Mining |
| 21:34 | Research | Gold Mining |
| 21:38 | Create | Trade Cart |
| 21:38 | Create | Trade Cart |
| 21:39 | Create | Trade Cart |
| 21:39 | Create | Trade Cart |
| 21:39 | Create | Trade Cart |
| 21:40 | Create | Trade Cart |
| 21:40 | Create | Trade Cart |
| 21:49 | Build | Farm |
| 21:54 | Build | Farm |
| 21:59 | Build | Farm |
| 22:04 | Build | Farm |
| 22:09 | Build | Farm |
| 22:24 | Build | House |
| 22:26 | Build | House |
| 22:28 | Build | House |
| 22:32 | Build | House |
| 22:53 | Build | Mill |
| 23:16 | Create | Trade Cart |
| 23:17 | Create | Trade Cart |
| 23:33 | Build | Watch Tower |
| 24:19 | Build | Watch Tower |
| 24:25 | Create | Villager (Male) |
| 24:25 | Create | Villager (Male) |
| 24:26 | Create | Villager (Male) |
| 24:26 | Create | Villager (Male) |
| 24:26 | Create | Villager (Male) |
| 24:42 | Build | Farm |
| 24:50 | Build | Farm |
| 24:55 | Build | Farm |
| 25:00 | Build | Farm |
| 25:07 | Create | Villager (Male) |
| 25:13 | Create | Trade Cart |
| 25:13 | Create | Trade Cart |
| 25:13 | Create | Trade Cart |
| 25:15 | Create | Trade Cart |
| 26:15 | Build | House |
| 26:19 | Build | House |
| 26:21 | Build | House |
| 26:23 | Build | House |
| 26:33 | Create | Trade Cart |
| 26:33 | Create | Trade Cart |
| 27:57 | Build | House |
| 27:59 | Build | House |
| 28:02 | Build | House |
| 28:09 | Create | Villager (Male) |
| 28:10 | Create | Villager (Male) |
| 28:10 | Create | Villager (Male) |
| 28:11 | Create | Villager (Male) |
| 28:39 | Build | Blacksmith |
| 28:49 | Create | Trade Cart |
| 28:49 | Create | Trade Cart |
| 28:50 | Create | Trade Cart |
| 28:50 | Create | Trade Cart |
| 28:56 | Create | Trade Cart |
| 28:56 | Create | Trade Cart |
| 28:56 | Create | Trade Cart |
| 28:56 | Create | Trade Cart |
| 29:29 | Research | Castle Age |
| 29:48 | Create | Trade Cart |
| 30:08 | Build | Barracks |
| 30:17 | Build | Barracks |
| 30:21 | Build | Barracks |
| 30:46 | Research | Fletching |
| 30:47 | Research | Padded Archer Armor |
| 30:47 | Research | Scale Mail Armor |
| 30:48 | Research | Forging |
| 30:49 | Research | Scale Barding Armor |
| 31:25 | Research | Town Watch |
| 31:38 | Create | Trade Cart |
| 31:39 | Create | Trade Cart |
| 31:40 | Create | Trade Cart |
| 31:48 | Research | Arson |
| 31:51 | Research | Man-at-Arms (upgrade) |
| 31:56 | Research | Man-at-Arms (upgrade) |
| 32:17 | Build | Mining Camp |
| 33:19 | Build | Castle |
| 33:24 | Build | Castle |
Build order — horaciolm
First 150 of 448 actions detected
| 0:05 | Research | Loom |
| 0:06 | Create | Villager (Male) |
| 0:06 | Create | Villager (Male) |
| 0:06 | Create | Villager (Male) |
| 0:06 | Create | Villager (Male) |
| 0:18 | Build | House |
| 0:19 | Build | House |
| 1:30 | Build | Palisade Wall |
| 2:10 | Create | Villager (Male) |
| 2:10 | Create | Villager (Male) |
| 2:37 | Build | Palisade Gate |
| 2:52 | Build | Palisade Wall |
| 3:34 | Build | Palisade Wall |
| 4:03 | Create | Villager (Male) |
| 4:03 | Create | Villager (Male) |
| 4:03 | Create | Villager (Male) |
| 4:04 | Create | Villager (Male) |
| 4:49 | Create | Villager (Male) |
| 5:31 | Create | Villager (Male) |
| 5:31 | Create | Villager (Male) |
| 5:31 | Create | Villager (Male) |
| 6:05 | Create | Villager (Male) |
| 6:05 | Create | Villager (Male) |
| 6:42 | Build | House |
| 7:45 | Build | Lumber Camp |
| 7:51 | Create | Villager (Male) |
| 7:51 | Create | Villager (Male) |
| 7:51 | Create | Villager (Male) |
| 7:51 | Create | Villager (Male) |
| 9:17 | Build | House |
| 9:59 | Build | Mill |
| 10:19 | Research | Wheelbarrow |
| 10:41 | Research | Feudal Age |
| 10:52 | Build | House |
| 11:00 | Create | Villager (Male) |
| 11:00 | Create | Villager (Male) |
| 11:21 | Build | Mining Camp |
| 12:07 | Build | Barracks |
| 12:25 | Create | Villager (Male) |
| 12:25 | Create | Villager (Male) |
| 12:26 | Create | Villager (Male) |
| 12:39 | Research | Double-Bit Axe |
| 13:09 | Create | Militia |
| 13:10 | Create | Militia |
| 13:44 | Age | Feudal Age |
| 13:48 | Build | Blacksmith |
| 14:09 | Research | Arson |
| 14:31 | Research | Man-at-Arms (upgrade) |
| 14:57 | Build | Farm |
| 15:06 | Create | Villager (Male) |
| 15:06 | Create | Villager (Male) |
| 15:13 | Build | Farm |
| 15:16 | Build | Farm |
| 15:32 | Create | Flemish Militia |
| 15:51 | Build | Stone Wall |
| 15:55 | Build | Gate |
| 16:17 | Create | Villager (Male) |
| 16:17 | Create | Villager (Male) |
| 16:17 | Create | Villager (Male) |
| 16:34 | Build | Farm |
| 16:38 | Build | Farm |
| 16:44 | Build | Farm |
| 16:55 | Build | Farm |
| 16:59 | Create | Villager (Male) |
| 17:53 | Research | Forging |
| 18:17 | Build | Stone Wall |
| 18:23 | Build | Gate |
| 18:36 | Build | Watch Tower |
| 19:37 | Research | Fletching |
| 20:01 | Build | Stone Wall |
| 20:25 | Research | Hand Cart |
| 20:27 | Create | Villager (Male) |
| 20:27 | Create | Villager (Male) |
| 20:30 | Research | Bow Saw |
| 21:16 | Build | Market |
| 21:20 | Create | Villager (Male) |
| 21:21 | Create | Villager (Male) |
| 21:25 | Build | Farm |
| 21:27 | Build | Farm |
| 21:29 | Build | Farm |
| 21:31 | Research | Horse Collar |
| 21:54 | Build | Watch Tower |
| 22:24 | Research | Stone Mining |
| 22:35 | Create | Villager (Male) |
| 22:35 | Create | Villager (Male) |
| 22:41 | Build | Farm |
| 22:46 | Build | Farm |
| 23:19 | Build | Stable |
| 23:35 | Create | Militia |
| 23:35 | Create | Militia |
| 23:43 | Build | House |
| 23:49 | Build | House |
| 23:55 | Research | Scale Mail Armor |
| 24:13 | Create | Flemish Militia |
| 24:13 | Create | Flemish Militia |
| 24:20 | Create | Scout Cavalry |
| 24:42 | Build | Farm |
| 24:44 | Build | Farm |
| 24:45 | Research | Heavy Plow |
| 24:50 | Build | Farm |
| 25:55 | Build | Farm |
| 26:25 | Build | Farm |
| 26:33 | Research | Castle Age |
| 27:10 | Create | Militia |
| 27:10 | Create | Militia |
| 27:14 | Create | Flemish Militia |
| 27:14 | Create | Flemish Militia |
| 27:15 | Create | Flemish Militia |
| 27:16 | Create | Flemish Militia |
| 27:27 | Build | Mining Camp |
| 27:36 | Create | Trade Cart |
| 27:36 | Create | Trade Cart |
| 27:37 | Create | Trade Cart |
| 27:37 | Create | Trade Cart |
| 27:46 | Build | House |
| 27:48 | Build | House |
| 28:52 | Build | Mining Camp |
| 29:13 | Age | Castle Age |
| 30:02 | Build | Town Center |
| 30:54 | Build | Town Center |
| 31:07 | Research | Iron Casting |
| 31:10 | Research | Long Swordsman (upgrade) |
| 31:11 | Research | Squires |
| 31:28 | Build | House |
| 31:30 | Build | House |
| 31:38 | Create | Villager (Male) |
| 31:38 | Create | Villager (Male) |
| 31:39 | Create | Villager (Male) |
| 31:39 | Create | Villager (Male) |
| 31:39 | Create | Villager (Male) |
| 31:39 | Create | Villager (Male) |
| 31:39 | Create | Villager (Male) |
| 31:39 | Create | Villager (Male) |
| 31:44 | Research | Crop Rotation |
| 32:03 | Create | Villager (Male) ×5 |
| 32:03 | Create | Villager (Male) ×5 |
| 32:03 | Create | Villager (Male) ×5 |
| 32:04 | Create | Villager (Male) ×5 |
| 32:10 | Build | Farm |
| 32:11 | Build | Farm |
| 32:35 | Build | House |
| 32:37 | Build | House |
| 32:38 | Build | House |
| 32:39 | Build | House |
| 32:49 | Research | Two-Man Saw |
| 33:28 | Build | Mining Camp |
| 34:04 | Build | Monastery |
| 34:14 | Research | Bodkin Arrow |
| 34:36 | Create | Villager (Male) |
| 34:36 | Create | Villager (Male) |
Build order — unknown_ab
First 150 of 416 actions detected
| 0:03 | Build | House |
| 0:04 | Create | Villager (Male) |
| 0:04 | Create | Villager (Male) |
| 0:04 | Create | Villager (Male) |
| 0:06 | Build | House |
| 0:35 | Create | Villager (Male) |
| 1:28 | Create | Villager (Male) |
| 1:52 | Build | Dock |
| 2:09 | Research | Loom |
| 2:23 | Create | Villager (Male) |
| 2:48 | Create | Villager (Male) |
| 3:12 | Create | Villager (Male) |
| 3:32 | Build | House |
| 3:44 | Create | Villager (Male) |
| 3:56 | Create | Villager (Male) |
| 4:21 | Create | Villager (Male) |
| 5:20 | Create | Villager (Male) |
| 5:20 | Create | Villager (Male) |
| 5:20 | Create | Villager (Male) |
| 5:34 | Build | Lumber Camp |
| 6:06 | Create | Fishing Ship |
| 6:25 | Create | Villager (Male) |
| 6:26 | Create | Villager (Male) |
| 7:01 | Build | House |
| 7:15 | Create | Villager (Male) |
| 7:38 | Create | Fishing Ship |
| 7:52 | Create | Villager (Male) |
| 8:09 | Research | Feudal Age |
| 8:33 | Build | Mill |
| 9:39 | Create | Villager (Male) |
| 9:39 | Create | Villager (Male) |
| 9:51 | Build | House |
| 10:27 | Age | Feudal Age |
| 10:53 | Build | Market |
| 11:15 | Create | Villager (Male) |
| 11:23 | Build | Blacksmith |
| 11:39 | Create | Villager (Male) |
| 11:49 | Build | Farm |
| 12:08 | Create | Villager (Male) |
| 12:11 | Build | Farm |
| 12:13 | Create | Villager (Male) |
| 12:22 | Build | House |
| 12:38 | Build | Farm |
| 12:50 | Create | Villager (Male) |
| 13:08 | Build | Farm |
| 13:11 | Create | Villager (Male) |
| 13:29 | Build | Farm |
| 13:29 | Build | Farm |
| 13:36 | Build | Farm |
| 13:38 | Create | Villager (Male) |
| 13:57 | Create | Villager (Male) |
| 14:08 | Build | Farm |
| 14:36 | Build | Farm |
| 14:37 | Create | Villager (Male) |
| 14:50 | Build | House |
| 15:09 | Build | Farm |
| 15:15 | Create | Villager (Male) |
| 15:16 | Create | Villager (Male) |
| 15:16 | Create | Villager (Male) |
| 15:49 | Build | Fish Trap |
| 15:52 | Create | Villager (Male) |
| 15:54 | Build | Farm |
| 16:27 | Build | Watch Tower |
| 16:33 | Build | Fish Trap |
| 16:34 | Create | Villager (Male) |
| 16:34 | Create | Villager (Male) |
| 16:42 | Build | House |
| 17:04 | Build | Stone Wall |
| 17:08 | Build | Stone Wall |
| 17:11 | Build | Stone Wall |
| 17:15 | Build | Stone Wall |
| 17:31 | Create | Villager (Male) |
| 17:31 | Create | Villager (Male) |
| 17:34 | Research | Castle Age |
| 17:45 | Build | Barracks |
| 17:51 | Create | Demolition Raft |
| 17:52 | Create | Demolition Raft |
| 17:55 | Create | Fishing Ship |
| 17:56 | Create | Fishing Ship |
| 18:27 | Build | Mining Camp |
| 18:44 | Research | Double-Bit Axe |
| 18:47 | Research | Horse Collar |
| 18:49 | Create | Villager (Male) |
| 18:49 | Create | Villager (Male) |
| 19:03 | Create | Fishing Ship |
| 19:15 | Build | Mining Camp |
| 20:16 | Age | Castle Age |
| 20:23 | Create | Villager (Male) |
| 20:27 | Build | Town Center |
| 20:40 | Build | Fish Trap |
| 21:26 | Create | Villager (Male) |
| 21:29 | Create | Villager (Male) |
| 21:29 | Create | Villager (Male) |
| 21:30 | Create | Villager (Male) |
| 21:30 | Create | Villager (Male) |
| 21:35 | Create | Villager (Male) |
| 21:35 | Create | Villager (Male) |
| 21:44 | Build | Stable |
| 22:04 | Build | Stone Wall |
| 22:13 | Build | Stone Wall |
| 22:22 | Create | Villager (Male) |
| 22:22 | Create | Villager (Male) |
| 22:44 | Research | Heavy Plow |
| 22:52 | Research | Fletching |
| 22:53 | Create | Villager (Male) |
| 23:08 | Build | House |
| 23:15 | Build | House |
| 23:18 | Create | Villager (Male) |
| 23:19 | Create | Villager (Male) |
| 23:19 | Create | Villager (Male) |
| 23:19 | Create | Villager (Male) |
| 23:54 | Build | Castle |
| 24:08 | Build | Mining Camp |
| 24:23 | Research | Bodkin Arrow |
| 24:28 | Create | Villager (Male) |
| 24:29 | Create | Villager (Male) |
| 24:29 | Create | Villager (Male) |
| 24:34 | Research | Wheelbarrow |
| 24:39 | Research | Wheelbarrow |
| 24:42 | Create | Villager (Male) |
| 24:42 | Create | Villager (Male) |
| 24:44 | Create | Villager (Male) |
| 24:44 | Create | Villager (Male) |
| 24:54 | Build | House |
| 24:55 | Build | House |
| 24:56 | Build | House |
| 25:20 | Research | Bow Saw |
| 25:29 | Build | House |
| 25:49 | Create | Mangudai |
| 25:49 | Create | Mangudai |
| 25:50 | Create | Mangudai |
| 26:08 | Create | Villager (Male) |
| 26:08 | Create | Villager (Male) |
| 26:08 | Create | Villager (Male) |
| 26:31 | Create | Villager (Male) |
| 26:38 | Build | Lumber Camp |
| 26:55 | Build | Castle |
| 27:01 | Create | Villager (Male) |
| 27:03 | Create | Villager (Male) |
| 27:03 | Create | Villager (Male) |
| 27:11 | Build | Archery Range |
| 27:24 | Build | University |
| 27:30 | Create | Villager (Male) |
| 27:31 | Create | Villager (Male) |
| 27:33 | Create | Villager (Male) |
| 28:01 | Build | Gate |
| 28:09 | Create | Villager (Male) |
| 28:09 | Create | Villager (Male) |
| 28:18 | Build | Farm |
| 28:23 | Research | Gold Mining |
Build order — athmaniac
First 150 of 503 actions detected
| 0:04 | Research | Loom |
| 0:11 | Build | House |
| 0:46 | Create | Villager (Male) |
| 0:47 | Create | Villager (Male) |
| 0:47 | Create | Villager (Male) |
| 0:47 | Create | Villager (Male) |
| 1:39 | Build | Palisade Wall |
| 2:39 | Build | House |
| 2:56 | Create | Villager (Male) |
| 2:56 | Create | Villager (Male) |
| 3:49 | Build | Palisade Wall |
| 4:09 | Build | Palisade Wall |
| 4:23 | Create | Villager (Male) |
| 4:24 | Create | Villager (Male) |
| 4:24 | Create | Villager (Male) |
| 4:24 | Create | Villager (Male) |
| 4:39 | Build | House |
| 4:41 | Build | House |
| 4:48 | Create | Villager (Male) |
| 5:43 | Build | Lumber Camp |
| 5:56 | Create | Villager (Male) |
| 7:00 | Create | Villager (Male) |
| 7:00 | Create | Villager (Male) |
| 7:00 | Create | Villager (Male) |
| 7:01 | Create | Villager (Male) |
| 8:47 | Build | Mill |
| 8:51 | Create | Villager (Male) |
| 8:51 | Create | Villager (Male) |
| 8:51 | Create | Villager (Male) |
| 8:52 | Create | Villager (Male) |
| 13:08 | Research | Feudal Age |
| 15:18 | Age | Feudal Age |
| 16:18 | Build | Stone Wall |
| 16:39 | Build | Market |
| 16:46 | Build | Blacksmith |
| 17:16 | Create | Villager (Male) |
| 17:16 | Create | Villager (Male) |
| 17:16 | Create | Villager (Male) |
| 17:26 | Build | Mining Camp |
| 17:56 | Create | Villager (Male) |
| 17:56 | Create | Villager (Male) |
| 17:56 | Create | Villager (Male) |
| 18:27 | Create | Villager (Male) |
| 18:27 | Create | Villager (Male) |
| 18:44 | Build | House |
| 18:46 | Build | House |
| 18:56 | Research | Double-Bit Axe |
| 18:59 | Research | Horse Collar |
| 19:07 | Build | House |
| 19:09 | Build | House |
| 19:18 | Build | Farm |
| 19:19 | Build | Farm |
| 19:20 | Build | Farm |
| 19:22 | Build | Farm |
| 19:23 | Build | Farm |
| 19:25 | Build | Farm |
| 19:35 | Build | Farm |
| 19:39 | Build | Farm |
| 19:50 | Build | Farm |
| 19:51 | Build | Farm |
| 20:15 | Research | Castle Age |
| 21:10 | Build | Barracks |
| 21:18 | Build | Barracks |
| 22:17 | Create | Trade Cart |
| 22:17 | Create | Trade Cart |
| 22:18 | Create | Trade Cart |
| 22:18 | Create | Trade Cart |
| 22:19 | Create | Trade Cart |
| 23:10 | Age | Castle Age |
| 23:14 | Build | Town Center |
| 23:30 | Create | Villager (Male) |
| 23:30 | Create | Villager (Male) |
| 23:30 | Create | Villager (Male) |
| 23:30 | Create | Villager (Male) |
| 23:31 | Create | Villager (Male) |
| 24:06 | Build | Archery Range |
| 24:09 | Build | Archery Range |
| 24:20 | Create | Villager (Male) |
| 24:20 | Create | Villager (Male) |
| 24:20 | Create | Villager (Male) |
| 24:20 | Create | Villager (Male) |
| 24:21 | Create | Villager (Male) |
| 24:21 | Create | Villager (Male) |
| 24:26 | Create | Villager (Male) |
| 24:27 | Create | Villager (Male) |
| 24:27 | Create | Villager (Male) |
| 24:28 | Create | Villager (Male) |
| 24:50 | Build | Lumber Camp |
| 25:14 | Create | Villager (Male) |
| 25:14 | Create | Villager (Male) |
| 25:14 | Create | Villager (Male) |
| 25:15 | Create | Villager (Male) |
| 25:15 | Create | Villager (Male) |
| 25:20 | Create | Villager (Male) |
| 25:20 | Create | Villager (Male) |
| 25:21 | Create | Villager (Male) |
| 25:21 | Create | Villager (Male) |
| 26:05 | Build | Town Center |
| 26:12 | Create | Villager (Male) |
| 26:12 | Create | Villager (Male) |
| 26:13 | Create | Villager (Male) |
| 26:13 | Create | Villager (Male) |
| 26:25 | Create | Archer |
| 26:34 | Build | Archery Range |
| 26:42 | Create | Villager (Male) |
| 26:43 | Create | Villager (Male) |
| 26:43 | Create | Villager (Male) |
| 27:15 | Build | University |
| 27:21 | Create | Villager (Male) |
| 27:21 | Create | Villager (Male) |
| 27:31 | Build | Farm |
| 27:39 | Build | Farm |
| 28:08 | Create | Villager (Male) |
| 28:08 | Create | Villager (Male) |
| 28:08 | Create | Villager (Male) |
| 28:08 | Create | Villager (Male) |
| 28:20 | Build | House |
| 28:21 | Build | House |
| 28:23 | Build | House |
| 28:24 | Build | House |
| 28:26 | Build | House |
| 28:29 | Build | House |
| 28:36 | Create | Villager (Male) |
| 28:36 | Create | Villager (Male) |
| 28:36 | Create | Villager (Male) |
| 28:51 | Create | Villager (Male) |
| 28:51 | Create | Villager (Male) |
| 29:04 | Create | Villager (Male) |
| 29:05 | Create | Villager (Male) |
| 29:35 | Build | Town Center |
| 29:47 | Create | Villager (Male) |
| 29:47 | Create | Villager (Male) |
| 29:48 | Create | Villager (Male) |
| 29:56 | Build | Farm |
| 29:57 | Build | Farm |
| 29:59 | Build | Farm |
| 30:00 | Build | Farm |
| 30:31 | Create | Villager (Male) |
| 30:31 | Create | Villager (Male) |
| 30:31 | Create | Villager (Male) |
| 30:42 | Build | Monastery |
| 30:48 | Build | House |
| 30:53 | Build | House |
| 30:54 | Build | House |
| 31:09 | Build | House |
| 31:09 | Build | House |
| 31:09 | Build | House |
| 31:09 | Build | House |
| 31:10 | Build | House |
| 31:10 | Build | House |
Build order — d0g
80 actions detected in the replay
| 0:09 | Build | House |
| 0:10 | Build | House |
| 0:15 | Research | Loom |
| 0:15 | Create | Villager (Male) |
| 0:15 | Create | Villager (Male) |
| 0:15 | Create | Villager (Male) |
| 0:16 | Create | Villager (Male) |
| 0:16 | Create | Villager (Male) |
| 0:42 | Build | Palisade Wall |
| 0:45 | Build | Palisade Wall |
| 2:05 | Build | Palisade Wall |
| 2:24 | Create | Villager (Male) |
| 3:09 | Build | Palisade Wall |
| 3:26 | Create | Villager (Male) |
| 3:26 | Create | Villager (Male) |
| 3:26 | Create | Villager (Male) |
| 3:27 | Create | Villager (Male) |
| 3:43 | Build | Palisade Wall |
| 3:44 | Build | Palisade Wall |
| 4:12 | Build | Palisade Wall |
| 4:13 | Build | Palisade Wall |
| 4:49 | Create | Villager (Male) |
| 4:49 | Create | Villager (Male) |
| 5:19 | Build | Mill |
| 5:56 | Create | Villager (Male) |
| 6:49 | Build | Lumber Camp |
| 7:09 | Create | Villager (Male) |
| 7:38 | Build | Palisade Wall |
| 7:57 | Create | Villager (Male) |
| 9:06 | Build | House |
| 10:12 | Build | House |
| 10:16 | Build | House |
| 10:18 | Build | House |
| 10:20 | Build | House |
| 10:31 | Research | Feudal Age |
| 11:40 | Build | Dock |
| 12:09 | Create | Villager (Male) |
| 12:33 | Build | Mining Camp |
| 12:41 | Age | Feudal Age |
| 13:09 | Create | Villager (Male) |
| 13:31 | Build | Market |
| 13:44 | Create | Villager (Male) |
| 13:57 | Create | Villager (Male) |
| 14:31 | Build | Mill |
| 14:55 | Create | Villager (Male) |
| 15:52 | Research | Double-Bit Axe |
| 16:09 | Build | Archery Range |
| 16:46 | Build | Stone Wall |
| 16:49 | Build | Gate |
| 17:23 | Create | Skirmisher |
| 17:23 | Create | Skirmisher |
| 18:21 | Build | Market |
| 18:26 | Create | Villager (Male) |
| 18:27 | Create | Villager (Male) |
| 18:29 | Create | Fishing Ship |
| 18:29 | Create | Fishing Ship |
| 18:50 | Create | Archer |
| 18:50 | Create | Archer |
| 19:42 | Build | Gate |
| 20:26 | Research | Gold Mining |
| 20:32 | Build | Farm |
| 20:33 | Build | Farm |
| 20:33 | Build | Farm |
| 20:34 | Build | Farm |
| 20:35 | Build | Farm |
| 20:59 | Create | Villager (Male) |
| 20:59 | Create | Villager (Male) |
| 21:22 | Create | Archer |
| 21:24 | Create | Archer |
| 21:54 | Build | Mining Camp |
| 21:58 | Create | Villager (Male) |
| 22:03 | Build | Farm |
| 22:07 | Build | Farm |
| 22:08 | Research | Horse Collar |
| 22:12 | Create | Trade Cart |
| 22:29 | Build | Farm |
| 22:30 | Create | Villager (Male) |
| 22:30 | Create | Villager (Male) |
| 22:33 | Create | Villager (Male) |
| 23:03 | Build | Mining Camp |
Build order — LinceDK
First 150 of 562 actions detected
| 0:01 | Create | Villager (Male) |
| 0:02 | Create | Villager (Male) |
| 0:03 | Build | House |
| 0:05 | Build | House |
| 0:10 | Create | Villager (Male) |
| 0:10 | Create | Villager (Male) |
| 0:10 | Create | Villager (Male) |
| 0:47 | Research | Loom |
| 1:57 | Create | Villager (Male) |
| 1:57 | Create | Villager (Male) |
| 2:31 | Create | Villager (Male) |
| 2:34 | Create | Villager (Male) |
| 3:10 | Build | Mill |
| 3:23 | Create | Villager (Male) |
| 5:01 | Build | Lumber Camp |
| 5:54 | Research | Feudal Age |
| 6:49 | Build | House |
| 8:04 | Age | Feudal Age |
| 8:05 | Research | Wheelbarrow |
| 8:27 | Research | Double-Bit Axe |
| 8:44 | Build | Farm |
| 8:54 | Create | Villager (Male) |
| 9:48 | Create | Villager (Male) |
| 9:57 | Create | Villager (Male) |
| 10:21 | Create | Villager (Male) |
| 10:29 | Create | Villager (Male) |
| 10:31 | Create | Villager (Male) |
| 10:58 | Create | Villager (Male) |
| 11:01 | Create | Villager (Male) |
| 11:08 | Build | Mining Camp |
| 11:20 | Build | Market |
| 11:34 | Build | Farm |
| 11:45 | Create | Villager (Male) |
| 11:49 | Create | Villager (Male) |
| 11:51 | Create | Villager (Male) |
| 12:11 | Build | Blacksmith |
| 12:17 | Create | Villager (Male) |
| 13:05 | Create | Villager (Male) |
| 13:07 | Create | Villager (Male) |
| 13:24 | Build | Farm |
| 13:39 | Build | House |
| 13:40 | Build | House |
| 14:05 | Create | Villager (Male) |
| 14:19 | Build | Farm |
| 14:41 | Build | Farm |
| 15:04 | Build | Farm |
| 15:26 | Build | Farm |
| 15:46 | Build | Farm |
| 16:38 | Research | Castle Age |
| 16:52 | Build | Mining Camp |
| 17:06 | Build | Farm |
| 19:18 | Age | Castle Age |
| 19:19 | Research | Hand Cart |
| 19:22 | Research | Bow Saw |
| 19:35 | Create | Villager (Male) |
| 19:36 | Create | Villager (Male) |
| 20:08 | Build | Farm |
| 20:16 | Create | Villager (Male) |
| 20:17 | Create | Villager (Male) |
| 20:22 | Create | Villager (Male) |
| 20:22 | Create | Villager (Male) |
| 21:14 | Build | Monastery |
| 21:24 | Build | Farm |
| 21:56 | Create | Monk |
| 21:57 | Research | Fervor |
| 22:31 | Create | Villager (Male) |
| 22:46 | Build | Town Center |
| 23:47 | Create | Villager (Male) |
| 23:47 | Create | Villager (Male) |
| 23:48 | Create | Villager (Male) |
| 23:54 | Build | Farm |
| 23:58 | Create | Monk |
| 24:06 | Build | Farm |
| 24:10 | Create | Villager (Male) |
| 24:10 | Create | Villager (Male) |
| 24:10 | Create | Villager (Male) |
| 24:11 | Create | Villager (Male) |
| 24:47 | Research | Horse Collar |
| 25:20 | Create | Villager (Male) |
| 25:20 | Create | Villager (Male) |
| 25:20 | Create | Villager (Male) |
| 25:24 | Create | Villager (Male) |
| 25:24 | Create | Villager (Male) |
| 25:30 | Build | House |
| 25:32 | Build | House |
| 25:36 | Build | House |
| 25:38 | Build | House |
| 25:43 | Build | House |
| 25:57 | Create | Monk |
| 26:32 | Build | Barracks |
| 27:22 | Create | Trade Cart |
| 27:22 | Create | Trade Cart |
| 27:22 | Create | Trade Cart |
| 27:24 | Research | Caravan |
| 27:32 | Build | Mining Camp |
| 28:10 | Build | Castle |
| 28:41 | Create | Villager (Male) |
| 28:41 | Create | Villager (Male) |
| 28:42 | Create | Villager (Male) |
| 28:48 | Create | Villager (Male) |
| 28:48 | Create | Villager (Male) |
| 28:49 | Create | Villager (Male) |
| 28:56 | Build | Lumber Camp |
| 29:11 | Build | University |
| 29:19 | Research | Heavy Plow |
| 29:35 | Build | Town Center |
| 30:05 | Build | Farm |
| 30:16 | Create | Villager (Male) |
| 30:16 | Create | Villager (Male) |
| 30:16 | Create | Villager (Male) |
| 30:17 | Create | Villager (Male) |
| 30:17 | Create | Villager (Male) |
| 30:28 | Create | Villager (Male) |
| 30:28 | Create | Villager (Male) |
| 30:28 | Create | Villager (Male) |
| 30:38 | Research | Stone Mining |
| 30:38 | Research | Gold Mining |
| 31:14 | Build | Archery Range |
| 31:26 | Create | Trade Cart |
| 31:32 | Create | Villager (Male) |
| 31:33 | Create | Villager (Male) |
| 31:33 | Create | Villager (Male) |
| 31:39 | Create | Villager (Male) |
| 32:04 | Build | Town Center |
| 32:18 | Build | Town Center |
| 32:21 | Create | Villager (Male) |
| 32:21 | Create | Villager (Male) |
| 32:22 | Create | Villager (Male) |
| 32:22 | Create | Villager (Male) |
| 32:43 | Build | Farm |
| 32:48 | Build | Farm |
| 32:57 | Create | Villager (Male) |
| 32:57 | Create | Villager (Male) |
| 33:02 | Research | Gold Shaft Mining |
| 33:08 | Research | Fletching |
| 33:38 | Build | Farm |
| 33:45 | Create | Villager (Male) |
| 33:53 | Build | Farm |
| 34:06 | Build | Farm |
| 34:12 | Build | Farm |
| 34:28 | Build | Farm |
| 34:32 | Create | Villager (Male) |
| 34:34 | Create | Villager (Male) |
| 34:40 | Create | Villager (Male) |
| 34:40 | Create | Villager (Male) |
| 34:40 | Create | Villager (Male) |
| 35:19 | Build | Farm |
| 35:29 | Build | Farm |
| 35:31 | Create | Villager (Male) |
| 35:33 | Create | Villager (Male) |
Build order — Zhukov
First 150 of 476 actions detected
| 0:08 | Research | Loom |
| 0:09 | Create | Villager (Male) |
| 0:09 | Create | Villager (Male) |
| 0:09 | Create | Villager (Male) |
| 0:10 | Create | Villager (Male) |
| 0:10 | Create | Villager (Male) |
| 0:10 | Create | Villager (Male) |
| 0:10 | Create | Villager (Male) |
| 0:51 | Build | House |
| 1:59 | Build | House |
| 2:35 | Build | House |
| 3:42 | Create | Villager (Male) |
| 3:43 | Create | Villager (Male) |
| 3:52 | Build | House |
| 4:21 | Create | Villager (Male) |
| 4:37 | Build | Mill |
| 4:45 | Build | House |
| 4:59 | Create | Villager (Male) |
| 5:37 | Create | Villager (Male) |
| 5:56 | Build | House |
| 6:02 | Create | Villager (Male) |
| 6:06 | Create | Villager (Male) |
| 6:27 | Create | Villager (Male) |
| 6:47 | Build | House |
| 7:17 | Create | Villager (Male) |
| 7:18 | Create | Villager (Male) |
| 7:19 | Create | Villager (Male) |
| 7:30 | Build | House |
| 7:56 | Create | Villager (Male) |
| 7:57 | Create | Villager (Male) |
| 7:57 | Create | Villager (Male) |
| 8:41 | Build | House |
| 8:52 | Create | Villager (Male) |
| 8:53 | Create | Villager (Male) |
| 8:54 | Create | Villager (Male) |
| 9:34 | Create | Villager (Male) |
| 9:36 | Create | Villager (Male) |
| 9:37 | Create | Villager (Male) |
| 10:45 | Create | Villager (Male) |
| 10:46 | Create | Villager (Male) |
| 10:48 | Create | Villager (Male) |
| 10:48 | Create | Villager (Male) |
| 10:48 | Create | Villager (Male) |
| 10:49 | Create | Villager (Male) |
| 11:01 | Build | Dock |
| 11:22 | Build | Lumber Camp |
| 12:43 | Build | Farm |
| 12:53 | Build | Farm |
| 13:02 | Build | Farm |
| 13:11 | Build | House |
| 14:12 | Create | Fishing Ship |
| 14:12 | Create | Fishing Ship |
| 14:24 | Build | Farm |
| 14:33 | Build | Farm |
| 14:48 | Build | House |
| 16:00 | Research | Feudal Age |
| 16:28 | Build | House |
| 16:34 | Build | House |
| 16:42 | Build | House |
| 16:47 | Build | House |
| 17:37 | Create | Fishing Ship |
| 17:37 | Create | Fishing Ship |
| 18:04 | Age | Feudal Age |
| 18:07 | Build | Mining Camp |
| 18:14 | Build | Blacksmith |
| 18:19 | Build | Market |
| 19:08 | Build | Farm |
| 19:24 | Research | Castle Age |
| 19:40 | Research | Horse Collar |
| 19:44 | Research | Double-Bit Axe |
| 20:28 | Create | Trade Cart |
| 20:29 | Create | Trade Cart |
| 20:41 | Build | Mining Camp |
| 20:51 | Build | Farm |
| 20:57 | Build | Farm |
| 21:03 | Build | Farm |
| 21:09 | Build | Farm |
| 21:16 | Build | Farm |
| 21:50 | Age | Castle Age |
| 22:00 | Research | Wheelbarrow |
| 22:01 | Research | Town Watch |
| 22:11 | Build | Castle |
| 22:43 | Research | Bow Saw |
| 22:49 | Research | Heavy Plow |
| 23:20 | Create | Trade Cart |
| 23:22 | Create | Trade Cart |
| 24:16 | Create | Villager (Male) |
| 24:17 | Create | Villager (Male) |
| 24:17 | Create | Villager (Male) |
| 24:17 | Create | Villager (Male) |
| 24:17 | Create | Villager (Male) |
| 24:18 | Create | Villager (Male) |
| 24:18 | Create | Villager (Male) |
| 24:18 | Create | Villager (Male) |
| 24:19 | Create | Villager (Male) |
| 24:19 | Create | Villager (Male) |
| 24:19 | Create | Villager (Male) |
| 24:20 | Create | Villager (Male) |
| 25:03 | Build | Fish Trap |
| 25:08 | Build | Fish Trap |
| 25:13 | Build | Fish Trap |
| 25:26 | Build | Fish Trap |
| 25:37 | Build | Town Center |
| 26:10 | Research | Caravan |
| 26:13 | Create | Trade Cart |
| 26:14 | Create | Trade Cart |
| 26:46 | Build | Farm |
| 26:52 | Build | Farm |
| 26:55 | Create | Villager (Male) |
| 26:56 | Create | Villager (Male) |
| 26:56 | Create | Villager (Male) |
| 26:56 | Create | Villager (Male) |
| 26:57 | Create | Villager (Male) |
| 26:57 | Create | Villager (Male) |
| 26:57 | Create | Villager (Male) |
| 26:58 | Create | Villager (Male) |
| 27:03 | Build | Farm |
| 27:21 | Build | Castle |
| 28:04 | Build | Town Center |
| 28:23 | Build | Town Center |
| 28:31 | Research | Coinage |
| 28:33 | Create | Trade Cart |
| 28:44 | Create | Villager (Male) |
| 28:44 | Create | Villager (Male) |
| 28:45 | Create | Villager (Male) |
| 28:45 | Create | Villager (Male) |
| 28:46 | Create | Villager (Male) |
| 28:46 | Create | Villager (Male) |
| 28:46 | Create | Villager (Male) |
| 28:46 | Create | Villager (Male) |
| 28:47 | Create | Villager (Male) |
| 28:47 | Create | Villager (Male) |
| 28:48 | Create | Villager (Male) |
| 28:48 | Create | Villager (Male) |
| 28:56 | Build | Farm |
| 29:02 | Build | Farm |
| 29:09 | Build | Farm |
| 29:25 | Build | Farm |
| 29:31 | Build | Farm |
| 29:37 | Create | Villager (Male) |
| 29:38 | Create | Villager (Male) |
| 29:38 | Create | Villager (Male) |
| 29:39 | Create | Villager (Male) |
| 29:39 | Create | Villager (Male) |
| 29:39 | Create | Villager (Male) |
| 29:52 | Build | Farm |
| 30:01 | Research | Stone Mining |
| 30:12 | Build | Farm |
| 30:32 | Build | House |
| 30:36 | Build | House |
Match timeline
| 0:42 | d0g · wall_segment Palisade Wall x11 |
| 0:45 | d0g · wall_segment Palisade Wall x1 |
| 1:30 | horaciolm · wall_segment Palisade Wall x5 |
| 1:33 | lula2026 · wall_segment Palisade Wall x8 |
| 1:39 | athmaniac · wall_segment Palisade Wall x12 |
| 1:52 | unknown_ab · first_building Dock |
| 2:05 | d0g · wall_segment Palisade Wall x11 |
| 2:08 | lula2026 · wall_segment Palisade Wall x8 |
| 2:52 | horaciolm · wall_segment Palisade Wall x1 |
| 3:09 | d0g · wall_segment Palisade Wall x6 |
| 3:34 | horaciolm · wall_segment Palisade Wall x11 |
| 3:43 | d0g · wall_segment Palisade Wall x1 |
| 3:44 | d0g · wall_segment Palisade Wall x1 |
| 3:49 | athmaniac · wall_segment Palisade Wall x1 |
| 4:09 | athmaniac · wall_segment Palisade Wall x1 |
| 4:12 | d0g · wall_segment Palisade Wall x1 |
| 4:13 | d0g · wall_segment Palisade Wall x1 |
| 7:38 | d0g · wall_segment Palisade Wall x9 |
| 8:04 | LinceDK · age_up feudal |
| 10:27 | unknown_ab · age_up feudal |
| 11:01 | Zhukov · first_building Dock |
| 11:40 | d0g · first_building Dock |
| 12:07 | horaciolm · first_building Barracks |
| 12:41 | d0g · age_up feudal |
| 13:44 | horaciolm · age_up feudal |
| 14:04 | lula2026 · age_up feudal |
| 15:18 | athmaniac · age_up feudal |
| 15:51 | horaciolm · wall_segment Stone Wall x10 |
| 15:57 | d0g · first_market_buy 100 wood |
| 16:09 | d0g · first_building Archery Range |
| 16:18 | athmaniac · wall_segment Stone Wall x16 |
| 16:18 | d0g · first_market_sell 100 wood |
| 16:46 | d0g · wall_segment Stone Wall x13 |
| 16:49 | lula2026 · wall_segment Stone Wall x17 |
| 17:01 | THATKIDPERRY401 · wall_segment Stone Wall x16 |
| 17:04 | unknown_ab · wall_segment Stone Wall x1 |
| 17:08 | unknown_ab · wall_segment Stone Wall x1 |
| 17:11 | unknown_ab · wall_segment Stone Wall x1 |
| 17:15 | unknown_ab · wall_segment Stone Wall x1 |
| 17:25 | THATKIDPERRY401 · wall_segment Stone Wall x12 |
| 17:45 | unknown_ab · first_building Barracks |
| 18:04 | Zhukov · age_up feudal |
| 18:17 | horaciolm · wall_segment Stone Wall x12 |
| 18:27 | lula2026 · age_up castle |
| 19:18 | LinceDK · age_up castle |
| 20:01 | horaciolm · wall_segment Stone Wall x4 |
| 20:16 | unknown_ab · age_up castle |
| 20:19 | THATKIDPERRY401 · wall_segment Stone Wall x1 |
| 20:39 | THATKIDPERRY401 · wall_segment Stone Wall x1 |
| 21:10 | athmaniac · first_building Barracks |
| 21:14 | LinceDK · first_building Monastery |
| 21:44 | unknown_ab · first_building Stable |
| 21:50 | Zhukov · age_up castle |
| 22:04 | unknown_ab · wall_segment Stone Wall x8 |
| 22:11 | Zhukov · first_building Castle |
| 22:13 | unknown_ab · wall_segment Stone Wall x11 |
| 23:10 | athmaniac · age_up castle |
| 23:11 | d0g · resign |
| 23:19 | horaciolm · first_building Stable |
| 23:54 | unknown_ab · first_building Castle |
| 24:06 | athmaniac · first_building Archery Range |
| 25:33 | lula2026 · first_building Castle |
| 26:32 | LinceDK · first_building Barracks |
| 26:44 | lula2026 · first_building Siege Workshop |
| 27:11 | unknown_ab · first_building Archery Range |
| 28:10 | LinceDK · first_building Castle |
| 29:13 | horaciolm · age_up castle |
| 30:08 | THATKIDPERRY401 · first_building Barracks |
| 30:10 | unknown_ab · first_building Siege Workshop |
| 30:42 | athmaniac · first_building Monastery |
| 30:57 | unknown_ab · first_building Monastery |
| 31:14 | LinceDK · first_building Archery Range |
| 31:18 | Zhukov · first_building Barracks |
| 33:19 | THATKIDPERRY401 · first_building Castle |
| 34:04 | horaciolm · first_building Monastery |
| 34:51 | athmaniac · first_building Castle |
| 36:22 | Zhukov · first_building Stable |
| 36:41 | Zhukov · age_up imperial |
| 39:04 | lula2026 · age_up imperial |
| 39:56 | LinceDK · age_up imperial |
| 39:58 | unknown_ab · age_up imperial |
| 40:11 | LinceDK · first_building Siege Workshop |
| 40:52 | horaciolm · first_building Siege Workshop |
| 41:18 | athmaniac · age_up imperial |
| 42:46 | horaciolm · first_building Castle |
| 43:13 | Zhukov · first_market_sell 100 wood |
| 44:58 | horaciolm · age_up imperial |
| 45:38 | Zhukov · first_building Monastery |
| 46:11 | horaciolm · first_building Archery Range |
| 54:10 | unknown_ab · first_market_sell 500 wood |
| 55:44 | lula2026 · first_market_sell 100 food |
| 55:55 | lula2026 · first_market_buy 100 wood |
| 60:19 | athmaniac · first_building Siege Workshop |
| 62:33 | LinceDK · wall_segment Stone Wall x2 |
[ AI ANALYSIS · 1 CREDIT ]
What really happened in this match?
Wolo.gg analyzes every decision: build order, eco, micro, common mistakes by bracket. Personalized analysis on WhatsApp or Discord in 30 seconds.
Civ guide
Teutons
Perfil
Jugador #19810152